cohdb
Replays
Latest Replays
All Replays
Popular Replays
Top Player Replays
Match Explorer
How It Works
Community
CoH3 Stats
Reddit
Sign in to upload your games and track your stats! →
Sign in with Steam
Match 46173909
Unlisted
Match 46173909
Overview
Messages
Build Orders
End
Construct Infanterie Kompanie
Selects Luftwaffe Battlegroup
Selects Luftwaffe Pioneer Support
Grenadier Squad
Grenadier Squad
GrW 34 Mortar Team
Grenadier Squad
Construct Panzergrenadier Kompanie
Selects Stuka Strafing Run
251 Medium Carrier
Support Elements
StuG III G Assault Gun
Stuka Strafing Run
調月リオ♥明星ヒマリ
mi prima de Cifuentes
Padesát Centů
恐虐座下第一小恐龙
菜狗乱吠
thanasis00gk
dlwlrma
xxl
0
0
Comments
sign in to comment!
No comments posted yet!